 Dungeon Crawl Stone Soup version 0.21.0-3-g78d12a8 (webtiles) character file.

62 Inarius the Chiller (level 3, 0/26 HPs)
             Began as a Draconian Ice Elementalist on Jan 10, 2018.
             Slain by an ogre
             ... wielding a cursed -1 giant spiked club
              (20 damage)
             ... on level 1 of the Dungeon.
             The game lasted 00:05:24 (1746 turns).

Inarius the Chiller (Draconian Ice Elementalist)    Turns: 1746, Time: 00:05:25

Health: 0/26       AC:  5    Str: 10    XL:     3   Next: 85%
Magic:  4/7        EV: 12    Int: 16    God:
Gold:   69         SH:  0    Dex: 11    Spells: 3/7 levels left

rFire    . . .     SeeInvis .   l - -3 dagger (curse)
rCold    . . .     Gourm    .   (no shield)
rNeg     . . .     Faith    .   (armour unavailable)
rPois    .         Spirit   .   (helmet restricted)
rElec    .         Reflect  .   (no cloak)
rCorr    .         Harm     .   (no gloves)
MR       .....                  (no boots)
Stlth    ++........             (no amulet)
HPRegen  0.08/turn              (no ring)
MPRegen  0.10/turn              (no ring)

@: no status effects
A: unfitting armour, cold-blooded, AC +5
a: no special abilities


You were on level 1 of the Dungeon.
You were not hungry.

You visited 1 branch of the dungeon, and saw 2 of its levels.

You collected 69 gold pieces.

Inventory:

Hand Weapons
 e - a +1 short sword
 l - a cursed -3 dagger (weapon)
Scrolls
 d - a scroll of teleportation
 j - 2 scrolls of enchant weapon
Potions
 f - a potion of berserk rage {unknown}
 g - a potion of agility {unknown}
 h - a potion of might {unknown}
 i - 2 potions of heal wounds
Books
 a - a book of Frost

   Spells                             Type                      Level
   a - Freeze                         Ice                          1
   b - Throw Frost                    Conjuration/Ice              2
   c - Ozocubu's Armour               Charms/Ice                   3
   d - Throw Icicle                   Conjuration/Ice              4
   e - Summon Ice Beast               Ice/Summoning                4
Comestibles
 b - 3 rations


   Skills:
 + Level 0.1 Fighting
 + Level 1.9 Dodging
 - Level 1.7 Stealth
 + Level 2.8 Spellcasting
   Level 1.0 Conjurations
 * Level 0.2 Charms
 * Level 4.0 Ice Magic


You had 3 spell levels left.
You knew the following spells:

 Your Spells              Type           Power        Failure   Level  Hunger
a - Freeze                Ice            ###.         3%          1    #......
b - Ozocubu's Armour      Chrm/Ice       #.......     24%         3    ###....


Dungeon Overview and Level Annotations

Branches:
Dungeon (2/15)

Altars:
Makhleb


Innate Abilities, Weirdness & Mutations

Your plain brown scales are hard. (AC +5)
You cannot fit into any form of body armour.
You are cold-blooded and may be slowed by cold attacks.


Message History

You freeze the ogre.
The ogre is moderately wounded.
Casting: Freeze
Confirm with . or Enter, or press ? or * to list all spells.
Aiming: Freeze
Press: ? - help, Shift-Dir - straight line, f/p - ogre
Aim: an ogre, wielding a giant spiked club (moderately wounded)
You freeze the ogre.
The ogre is moderately wounded.
The ogre misses you.
Casting: Freeze
Confirm with . or Enter, or press ? or * to list all spells.
Aiming: Freeze
Press: ? - help, Shift-Dir - straight line, f/p - ogre
Aim: an ogre, wielding a giant spiked club (moderately wounded)
You freeze the ogre.
The ogre is heavily wounded.
The ogre hits you with a giant spiked club!!
Ouch! That really hurt!
You die...

...'....#.##.+...................
.###.........####...#######.##...
.# ##........# ##..## #.##.#. .#
##.....### #..## #...... .#
##...## #.## ####.## .# ##+## #.#
#.# ########.# #.# #.#
##...##.#######O# #.##
##.##.........##@# #.##
#.###.#...###.##.# #.##
.####....รท.##.##.# #.##
.###......###.##.# #...
.##...##.......(.# ####
......#.#####.#### #
##.##..######.# # ##...........#
# #############


You could see an ogre.

Vanquished Creatures
  An adder (D:1)
  A worm (D:2)
  2 leopard geckos
  9 bats
  A giant cockroach (D:1)
  6 goblins (D:1)
  7 hobgoblins
  5 kobolds
  A quokka (D:2)
  A ball python (D:1)
  4 frilled lizards (D:1)
  8 rats
46 creatures vanquished.

Vanquished Creatures (others)
  5 toadstools (D:1)
5 creatures vanquished.

Grand Total: 51 creatures vanquished

Notes
Turn   | Place    | Note
-------+----------+-------------------------------------------
     0 | D:1      | Inarius the Draconian Ice Elementalist began the quest for the Orb.
     0 | D:1      | Reached XP level 1. HP: 14/14 MP: 3/3
   200 | D:1      | Reached XP level 2. HP: 14/20 MP: 3/5
  1012 | D:1      | Reached XP level 3. HP: 26/26 MP: 5/7
  1190 | D:2      | Learned a level 3 spell: Ozocubu's Armour
  1220 | D:2      | Noticed an ogre
  1430 | D:2      | Reached skill level 4 in Ice Magic
  1551 | D:2      | Found a burning altar of Makhleb.
  1746 | D:1      | Slain by an ogre

Skill      XL: |  1  2  3 |
---------------+----------+-----
Ice Magic      | 4 |  4.0
Fighting       | |  0.1
Dodging        | |  1.9
Stealth        | |  1.7
Spellcasting   | |  2.8
Conjurations   | |  1.0
Charms         | |  0.2

Action                   || total
-------------------------++-------
Melee: Unarmed           ||    26
       Tailslap          ||     7
       Short sword       ||    29
       Dagger            ||     1
 Cast: Freeze            ||    60
  Use: Scroll            ||     4
 Stab: Sleeping          ||     2
  Eat: Chunk             ||     3
Armor: Skin              ||    41
Dodge: Dodged            ||    97
